 Dungeon Crawl Stone Soup version 0.30-a0-465-g8901f6c8b5 (webtiles) character file.

Game seed: 17068695867804427297

10658 arthad the Geomancer (level 11, -4/64 HPs)
             Began as a Gargoyle Earth Elementalist on Dec 19, 2022.
             Was a Priest of Sif Muna.
             Slain by a white ugly thing (26 damage)
             ... on level 11 of the Dungeon.
             The game lasted 00:32:36 (10848 turns).

arthad the Geomancer (Gargoyle Earth Elementalist) Turns: 10848, Time: 00:32:37

Health: -4/64      AC: 20    Str: 13    XL:     11   Next: 65%
Magic:  27/31      EV: 13    Int: 25    God:    Sif Muna [***...]
Gold:   460        SH:  0    Dex: 10    Spells: 2/24 levels left

rFire   . . .      SeeInvis .    k - +1 hand axe (vamp)
rCold   . . .      Faith    .    (no shield)
rNeg    + . .      Spirit   .    J - +0 steam dragon scales
rPois   ∞          Reflect  .    m - +2 helmet
rElec   +          Harm     .    z - +0 cloak
rCorr   .          Rampage  .    P - +0 pair of gloves
Will    .....                    e - +0 pair of boots
Stlth   +++.......               d - amulet of regeneration
HPRegen 1.10/turn                C - ring of magical power
MPRegen 0.22/turn                W - +6 ring of intelligence

@: slowed, very slow
A: sickness immunity, AC +8, negative energy resistance 1, electricity
resistance, torment resistance 1, petrification resistance
a: Renounce Religion, Channel Magic, Forget Spell


You were on level 11 of the Dungeon.
You worshipped Sif Muna.
Sif Muna was most pleased with you.
You visited 2 branches of the dungeon, and saw 12 of its levels.

You collected 540 gold pieces.
You spent 80 gold pieces at shops.

Inventory:

Hand Weapons
 k - a +1 vampiric hand axe (weapon)
 y - a +4 quarterstaff of chaos
 H - a +2 whip of electrocution
 L - a +0 rapier
 N - a +0 scimitar of flaming
 Q - the +7 quarterstaff of Doors {vorpal, Dex+5}
   (You found it on level 8 of the Dungeon)

   It inflicts extra damage upon your enemies.
   Dex:       It affects your dexterity (+5).
Missiles
 r - 7 boomerangs
 B - 3 atropa-tipped darts
 I - 19 poisoned darts
 V - 3 curare-tipped darts
Armour
 a - a +0 robe
 e - a +0 pair of boots (worn)
 m - a +2 helmet (worn)
 v - a +1 ring mail of poison resistance
 z - a +0 cloak (worn)
 J - +0 steam dragon scales (worn)
 P - a +0 pair of gloves (worn)
Jewellery
 d - an amulet of regeneration (around neck)
 w - an amulet of faith
 C - a ring of magical power (left hand)
 F - a +6 ring of strength
 W - a +6 ring of intelligence (right hand)
Wands
 p - a wand of quicksilver (12)
 u - a wand of flame (37)
 E - a wand of iceblast (4)
 R - a wand of digging (6)
Scrolls
 f - a scroll of silence
 i - 3 scrolls of magic mapping
 j - 3 scrolls of teleportation {unknown}
 q - 4 scrolls of immolation
 x - a scroll of noise {unknown}
 A - 2 scrolls of enchant weapon {unknown}
 D - 3 scrolls of poison {unknown}
 K - a scroll of amnesia {unknown}
 S - 2 scrolls of blinking {unknown}
 T - a scroll of identify
 X - a scroll of vulnerability {unknown}
Potions
 b - a potion of magic
 g - 2 potions of curing
 h - 2 potions of flight
 l - a potion of haste
 n - 2 potions of invisibility
 o - 2 potions of degeneration {unknown}
 s - a potion of brilliance
 t - 3 potions of heal wounds
 G - 2 potions of ambrosia {unknown}
 M - a potion of berserk rage {unknown}
 O - a potion of lignification {unknown}
 U - a potion of mutation {unknown}


   Skills:
 + Level 6.0 Fighting
 + Level 2.9 Armour
 + Level 4.8 Dodging
 + Level 6.9 Stealth
 * Level 7.4 Spellcasting
 * Level 8.2 Conjurations
 + Level 4.6 Transmutations
 * Level 10.1 Earth Magic
 + Level 4.3 Invocations


You had 2 spell levels left.
You knew the following spells:

 Your Spells              Type           Power      Damage    Failure   Level
a - Sandblast             Erth           100%       2d20      1%          1
b - Passwall              Tmut/Erth      38%        N/A       1%          2
c - Stone Arrow           Conj/Erth      100%       3d13      1%          3
d - Lehudib's Crystal Sp  Conj/Erth      26%        10d7      100%        8
e - Petrify               Tmut/Erth      46%        N/A       3%          4
f - Animate Armour        Summ/Erth      68%        N/A       8%          4

Your spell library contained the following spells:

 Spells                   Type           Power      Damage    Failure   Level
 Apportation              Tloc           18%        N/A       6%          1
 Slow                     Hex            36%        N/A       6%          1
 Ignite Poison            Fire/Tmut/Pois 17%        N/A       11%         3
 Irradiate                Conj/Tmut      20%        3d18      13%         5
 Confusing Touch          Hex            9%         N/A       19%         3
 Kindle Blastsparks       Fire/Tloc/Air  18%        2d11      19%         3
 Vampiric Draining        Necr           9%         2d6       19%         3
 Freezing Cloud           Conj/Ice/Air   11%        6-21      50%         5
 Alistair's Intoxication  Tmut/Pois      13%        N/A       56%         5
 Yara's Violent Unravell  Hex/Tmut       10%        3d6       56%         5
 Enfeeble                 Hex            4%         N/A       100%        7
 Sublimation of Blood     Necr           Unusable   N/A       N/A         2

Dungeon Overview and Level Annotations

Branches:
Dungeon (11/15)            Temple (1/1) D:4            Lair (0/5) D:10
    Orc (0/2) D:9

Altars:
Ashenzari
Cheibriados
Dithmenos
Elyvilon
Fedhas
Gozag
Hepliaklqana
Kikubaaqudgha
Makhleb
Nemelex Xobeh
Okawaru
Qazlal
Ru
Sif Muna
Trog
Uskayaw
Wu Jian
Xom
Yredelemnul
Zin
The Shining One
Jiyva

Shops:
D:1 ?   D:3 !   D:6 (   D:8 [

Annotations:
D:4 1 runed translucent door, experimilk's ghost, amateur DrCj
D:5 1 runed translucent door, liarliar's ghost, novice AtEE
D:9 3 runed translucent doors, bronco's ghost, novice SpMo


Innate Abilities, Weirdness & Mutations

You are immune to sickness and miasma.
Your stone body is resilient. (AC +8)
You are immune to poison.
You resist negative energy. (rN+)
You are resistant to electric shocks. (rElec)
You are resistant to unholy torment.
You are immune to petrification.


Message History

The wraith hits you. x2
Aiming: Sandblast (safe; 1% risk of failure)
Press: ? - help, Q - select action, (/) - cycle Shift-Dir - straight line, f/p - wraith
Aim: a wraith (moderately damaged, 85% to hit)
The blast of sand hits the wraith but does no damage.
The wraith is moderately damaged.
The wraith hits you but does no damage.
Aiming: Sandblast (safe; 1% risk of failure)
Press: ? - help, Q - select action, (/) - cycle Shift-Dir - straight line, f/p - wraith
Aim: a wraith (moderately damaged, 85% to hit)
The blast of sand hits the wraith.
The wraith is heavily damaged.
The wraith closely misses you. The wraith hits you!
The wraith drains your vigour!
You feel yourself slow down.
Aiming: Sandblast (safe; 1% risk of failure)
Press: ? - help, Q - select action, (/) - cycle Shift-Dir - straight line, f/p - wraith
Aim: a wraith (heavily damaged, 85% to hit)
The blast of sand hits the wraith!
The wraith is severely damaged.
The white ugly thing completely misses you.
The wraith barely misses you.
The white ugly thing kicks you but does no damage.
The wraith barely misses you.
The white ugly thing kicks you but does no damage.
Aiming: Sandblast (safe; 1% risk of failure)
Press: ? - help, Q - select action, (/) - cycle Shift-Dir - straight line, f/p - wraith
Aim: a wraith (severely damaged, 85% to hit)
The blast of sand hits the wraith.
The wraith is almost destroyed.
The wraith closely misses you.
The white ugly thing kicks you but does no damage.
The wraith hits you but does no damage. The white ugly thing barely misses you.
Aiming: Sandblast (safe; 1% risk of failure)
Press: ? - help, Q - select action, (/) - cycle Shift-Dir - straight line, f/p - wraith
Aim: a wraith (almost destroyed, 85% to hit)
The blast of sand misses the wraith.
The wraith barely misses you. The white ugly thing kicks you.
The white ugly thing freezes you!! The wraith barely misses you.
The white ugly thing kicks you! The white ugly thing freezes you!!
You die...

........ ..## .......#
#........... ......#
#........... .....#
#........... #...#
#...........
#...#####...........
#...................
#.W@u...............
#...................
.............#####....#
..............# #...##
..............# #...#
..............# #...##
..............#####....#
#####...................
...^...............


You could see a white ugly thing and a wraith.

Vanquished Creatures
  Erolcha (D:11)
  An ugly thing (D:11)
  Psyche (D:9)
  3 kobold demonologists (D:10)
  An unseen horror (D:10)
  4 trolls
  Grinder (D:3)
  A hornet (D:10)
  A shadow (D:9)
  10 yaks
  A wraith (D:9)
  A wyvern (D:7)
  2 steam dragons
  Menkaure (D:5)
  Duvessa (D:7)
  2 water moccasins
  A black bear (D:5)
  3 ice beasts
  2 sky beasts
  7 orc warriors
  A hornet zombie (D:5)
  A centaur (D:10)
  A phantom (D:5)
  6 kobold brigands
  A necrophage (D:7)
  Blork the orc (D:4)
  A gnoll sergeant (D:9)
  A bullfrog (D:7)
  A water moccasin zombie (D:5)
  3 scorpions
  8 wights
  Dowan (D:7)
  3 killer bees (D:10)
  6 howler monkeys
  4 crimson imps (D:7)
  A bullfrog zombie (D:4)
  9 orc priests
  An iron imp (D:7)
  A jelly (D:6)
  Crazy Yiuf (D:4)
  A bullfrog skeleton (D:5)
  A centaur skeleton (D:5)
  A gnoll bouda (D:9)
  Jessica (D:2)
  4 iguanas
  Ijyb (D:3)
  11 orc wizards
  Terence (D:3)
  2 hound zombies
  7 gnolls (D:9)
  11 adders
  A shadow imp (D:7)
  3 white imps
  2 ufetubi
  An adder zombie (D:5)
  An adder skeleton (D:5)
  3 worms
  2 dart slugs
  49 orcs
  7 endoplasms
  3 giant cockroaches
  8 hobgoblins
  6 jackals
  5 quokkas
  4 ball pythons
  6 bats
  A frilled lizard (D:3)
  8 goblins
  16 kobolds
  4 rats
268 creatures vanquished.

Vanquished Creatures (others)
  2 demonic plants (D:2)
  A withered plant (D:5)
3 creatures vanquished.

Grand Total: 271 creatures vanquished

Notes
Turn   | Place    | Note
-------+----------+-------------------------------------------
     0 | D:1      | arthad the Gargoyle Earth Elementalist began the quest for
                  | the Orb.
     0 | D:1      | Reached XP level 1. HP: 10/10 MP: 3/3
   121 | D:1      | Found Yqiav's Magic Scroll Shoppe.
   194 | D:1      | Reached XP level 2. HP: 16/16 MP: 1/5
   388 | D:1      | Reached skill level 1 in Transmutations
   564 | D:1      | Reached skill level 4 in Earth Magic
  1014 | D:2      | Reached XP level 3. HP: 20/20 MP: 3/6
  1064 | D:2      | Noticed Jessica
  1071 | D:2      | Killed Jessica
  1166 | D:2      | Reached skill level 1 in Fighting
  1166 | D:2      | Reached XP level 4. HP: 25/25 MP: 4/7
  1575 | D:2      | Found a faded altar of an unknown god.
  1575 | D:2      | Noticed a chaos spawn
  2034 | D:3      | Noticed Terence
  2042 | D:3      | Killed Terence
  2043 | D:3      | Reached XP level 5. HP: 29/29 MP: 3/9
  2048 | D:3      | Learned a level 2 spell: Passwall
  2052 | D:3      | Learned a level 3 spell: Stone Arrow
  2169 | D:3      | Found Faonenk's Distillery.
  2192 | D:3      | Noticed Grinder
  2205 | D:3      | Killed Grinder
  2206 | D:3      | Reached skill level 1 in Conjurations
  2206 | D:3      | Reached skill level 5 in Earth Magic
  2206 | D:3      | Reached XP level 6. HP: 31/35 MP: 1/11
  2682 | D:3      | Bought a potion of curing for 30 gold pieces
  2682 | D:3      | Bought a potion of heal wounds for 50 gold pieces
  2703 | D:3      | Noticed Ijyb
  2717 | D:3      | Killed Ijyb
  2718 | D:3      | Reached XP level 7. HP: 33/40 MP: 2/12
  3115 | D:4      | Found a runed translucent door.
  3116 | D:4      | Noticed Crazy Yiuf
  3347 | D:4      | Killed Crazy Yiuf
  3463 | D:4      | Noticed Blork the orc
  3791 | D:4      | Killed Blork the orc
  4185 | D:4      | Found a staircase to the Ecumenical Temple.
  4193 | D:4      | Reached skill level 6 in Earth Magic
  4206 | Temple   | Entered the Ecumenical Temple
  4549 | D:4      | Found a runed translucent door.
  4552 | D:4      | Noticed experimilk's ghost (amateur DrCj)
  4672 | D:4      | Found a basalt altar of Yredelemnul.
  4776 | D:4      | Reached XP level 8. HP: 45/45 MP: 14/14
  5017 | D:5      | Entered Level 5 of the Dungeon
  5040 | D:5      | Noticed Menkaure
  5042 | D:5      | Killed Menkaure
  5526 | D:5      | Reached skill level 7 in Earth Magic
  5567 | D:5      | Found a blossoming altar of Fedhas.
  5611 | D:5      | Found a stormy altar of Qazlal.
  5691 | D:5      | Reached skill level 5 in Spellcasting
  5694 | D:5      | Found a glowing golden altar of the Shining One.
  5728 | D:5      | Found a runed translucent door.
  5728 | D:5      | Noticed liarliar's ghost (novice AtEE)
  5751 | D:5      | Found a shimmering blue altar of Sif Muna.
  5853 | D:5      | Became a worshipper of Sif Muna the Loreminder
  5884 | D:6      | Reached XP level 9. HP: 52/52 MP: 15/16
  6022 | D:6      | Found Ravoi's Weapon Shoppe.
  6204 | D:6      | Found an ancient bone altar of Kikubaaqudgha.
  6584 | D:7      | Reached skill level 5 in Conjurations
  6599 | D:6      | Reached skill level 5 in Stealth
  6599 | D:6      | Reached skill level 1 in Invocations
  6601 | D:6      | Reached * piety under Sif Muna
  6718 | D:7      | Noticed a troll
  6924 | D:7      | Noticed Duvessa
  6936 | D:7      | Killed Duvessa
  6960 | D:7      | Noticed Dowan
  6966 | D:7      | Killed Dowan
  7014 | D:7      | Killed a troll
  7015 | D:7      | Reached skill level 8 in Earth Magic
  7211 | D:7      | Reached XP level 10. HP: 58/58 MP: 19/19
  7303 | D:7      | Found a burning altar of Makhleb.
  7358 | D:7      | Found a hide-covered altar of Uskayaw.
  7534 | D:7      | Found a shimmering altar of Xom.
  7849 | D:8      | Reached ** piety under Sif Muna
  8118 | D:8      | Learned a level 8 spell: Lehudib's Crystal Spear
  8125 | D:8      | Found Olaytiz's Armour Emporium.
  8223 | D:8      | Reached skill level 5 in Fighting
  8255 | D:8      | Identified the +7 quarterstaff of Doors {vorpal, Dex+5}
  8500 | D:9      | Reached skill level 9 in Earth Magic
  8805 | D:9      | Found a runed translucent gate.
  8805 | D:9      | Found a runed translucent gate.
  8805 | D:9      | Found a runed translucent gate.
  8808 | D:9      | Noticed bronco's ghost (novice SpMo)
  8815 | D:9      | Reached skill level 1 in Armour
  8835 | D:9      | Found a viscous altar of Jiyva.
  8851 | D:9      | Noticed Psyche
  8855 | D:9      | Killed Psyche
  8856 | D:9      | Found a staircase to the Orcish Mines.
  9296 | D:9      | Found a sacrificial altar of Ru.
  9323 | D:9      | Learned a level 4 spell: Petrify
  9328 | D:9      | Learned a level 4 spell: Animate Armour
  9374 | D:9      | Reached *** piety under Sif Muna
  9589 | D:10     | Entered Level 10 of the Dungeon
  9679 | D:10     | Reached XP level 11. HP: 52/64 MP: 20/21
  9756 | D:10     | Found a broken altar of Ashenzari.
  9782 | D:10     | Found a staircase to the Lair.
 10197 | D:10     | Noticed a soul eater
 10601 | D:11     | Noticed a cyan ugly thing
 10607 | D:11     | Killed a cyan ugly thing
 10608 | D:11     | Reached skill level 10 in Earth Magic
 10632 | D:11     | Noticed Erolcha
 10655 | D:11     | Killed Erolcha
 10838 | D:11     | Noticed a white ugly thing
 10848 | D:11     | Slain by a white ugly thing

Illustrated notes

Levels and vault maps discovered:
D:1:      dpeg_arrival_houses_and_road, layout_loops_ring, serial_shops,
          shop_statue
D:2:      layout_basic, dreamdust_ecumenical_altar_sealed_demon,
          kennysheep_generic_room_9, uniq_jessica
D:3:      layout_loops_ring, serial_shops, nicolae_shop_window_shopping,
          uniq_grinder, uniq_ijyb, uniq_terence
D:4:      layout_basic, lemuel_zombie_altar_yredelemnul,
          minmay_temple_entry_waves, ebering_ghost_reflecting_pool,
          grunt_ministairs_7, uniq_blork_the_orc, uniq_crazy_yiuf_cottage
D:5:      layout_rooms, nicolae_overflow_crystal_walls,
          mainiacjoe_overflow_24_doors, lemuel_doored_altar, tso_oasis_becter,
          serial_undead, serial_undead_a, serial_undead_b, serial_undead_a,
          serial_undead_b, ebering_ghost_inner_flame, uniq_menkaure
D:6:      layout_basic, mainiacjoe_overflow_alcove_2, serial_shops,
          nicolae_shop_crystal
D:7:      layout_loops_cross, led_xom_imps, mainiacjoe_overflow_alcove_4,
          nicolae_overflow_hidden_temple, makhleb_grotto_becter, uniq_duvessa
D:8:      layout_rooms, serial_shops, nicolae_shop_stone,
          david_defended_altar_orc
D:9:      layout_basic, nicolae_ru_awakened_eye, orc_0_dummy,
          gammafunk_ghost_ooze, uniq_psyche
D:10:     layout_stronghold, nicolae_ashenzari_skybound, lair_entry_dummy
D:11:     layout_big_octagon, minmay_beelzebubs_servants, uniq_erolcha
Temple:   jpeg_temple_alley_garden

Skill      XL: |  1  2  3  4  5  6  7  8  9 10 11 |
---------------+----------------------------------+-----
Transmutations | 1 2 3 4 |  4.6
Earth Magic    | 4 5 6 7 8 9 10 | 10.1
Fighting       | 1 2 3 4 5 6 |  6.0
Dodging        | 2 3 4 |  4.8
Stealth        | 3 4 5 6 |  6.9
Spellcasting   | 3 4 5 6 7 |  7.4
Conjurations   | 1 2 3 4 6 7 8 |  8.2
Invocations    | 2 3 4 |  4.3
Armour         | 1 2 |  2.9

Action                   |  1- 3 |  4- 6 |  7- 9 | 10-12 || total
-------------------------+-------+-------+-------+-------++-------
Melee: Unarmed           |     1 |       |       |       ||     1
       Hand axe          |       |    14 |    22 |    17 ||    53
Throw: Dart              |       |       |       |     1 ||     1
 Cast: Sandblast         |    43 |    76 |   203 |   187 ||   509
       Stone Arrow       |       |       |    39 |    42 ||    81
Evoke: Wand              |       |       |       |     2 ||     2
  Use: Scroll            |       |       |     5 |     2 ||     7
       Potion            |       |       |     2 |     3 ||     5
Armor: Robe              |     2 |    30 |    88 |       ||   120
       Steam dragon scal |       |       |    14 |   109 ||   123
Dodge: Dodged            |     2 |    16 |   129 |   141 ||   288

Table legend: (Time is in decaauts)
 A = Elapsed time spent in this place.
 B = Non-inter-level travel time spent in this place.
 C = Inter-level travel time spent in this place.
 D = Time resting spent in this place.
 E = Time spent auto-exploring this place.
 F = Levels seen in this place.
 G = Mean time per level.
                   A        B        C        D        E       F      G
               +--------+--------+--------+--------+--------+-----+--------+
         Total |  11126 |  10603 |    523 |   1379 |   7246 |  12 |  927.2 |
       Dungeon |  10806 |  10369 |    437 |   1379 |   7019 |  11 |  982.4 |
        Temple |    319 |    233 |     86 |      0 |    227 |   1 |  319.0 |
               +--------+--------+--------+--------+--------+-----+--------+

Top non-repeatable levels by time:
     D:4: 1619 daAuts
     D:3: 1319 daAuts
     D:9: 1147 daAuts
     D:7: 1070 daAuts
    D:10: 1040 daAuts
     D:1: 1023 daAuts
     D:2: 939 daAuts
     D:6: 894 daAuts
     D:5: 787 daAuts
     D:8: 699 daAuts
  Temple: 319 daAuts
    D:11: 265 daAuts
